 Dungeon Sprint DCSS version 0.19-a0-1851-g3228ea0 (webtiles) character file.

36898 Loading the Impaler (level 14, -6/86 HPs)
             Began as a Formicid Fighter on Sept 30, 2016.
             Was the Champion of Hepliaklqana.
             Mangled by a reaper
             ... wielding a +0 scythe of freezing
              (13 damage)
             ... in the Dungeon (Sprint V: "Ziggurat Sprint") on Oct 10, 2016.
             The game lasted 00:20:39 (3640 turns).

Loading the Impaler (Formicid Fighter)              Turns: 3640, Time: 00:20:40

Health: -6/86      AC: 29    Str: 33 (34) XL:     14   Next: 26%
Magic:  19/25      EV:  5    Int:  8      God:    Hepliaklqana [******]
Gold:   0          SH: 34    Dex: 20      Spells: 0 memorised, 13 levels left

rFire  + + .     SeeInvis +     K - +11 lance "Wyrmbane" {slay drac, rPois rF+ rC+ AC+3}
rCold  + + .     Gourm    .     O - +5 gold dragon scales
rNeg   + . .     Faith    .     J - +18 shield of the Gong {rElec rN+ MR+ EV-5}
rPois  +         Spirit   .     (helmet unavailable)
rElec  +         Dismiss  .     (no cloak)
rCorr  .         Reflect  .     b - +0 pair of gloves {Str+3}
MR     ++...     Harm     .     (no boots)
Stlth  ..........               (no amulet)
                                y - +6 ring of dexterity
                                D - +6 ring of strength

@: mighty, studying 2 skills
A: permanent stasis, dig shafts and tunnels, four strong arms, reduced essence,
antennae 3, blurry vision 2, deterioration 1, dopey 1, frail 2, low mp 1, slow
regeneration 1, subdued magic 1
a: Dig, Recall Ancestor, Ancestor Identity, Transference, Idealise, Renounce
Religion


You were in the Dungeon.
You worshipped Hepliaklqana.
Hepliaklqana was exalted by your worship.
You were very full.

You visited 1 branch

Inventory:

Hand Weapons
 K - the +11 lance "Wyrmbane" (weapon) {slay drac, rPois rF+ rC+ AC+3}
   (You found it in the Dungeon)

   It affects your AC (+3).
   It protects you from fire.
   It protects you from cold.
   It protects you from poison.
 L - a +5 bardiche
 M - a +5 demon trident
Armour
 b - a +0 pair of gloves of strength (worn)
 J - the +18 shield of the Gong (worn) {rElec rN+ MR+ EV-5}
   (You found it in the Dungeon)

   It affects your evasion (-5).
   It insulates you from electricity.
   It protects you from negative energy.
   It affects your resistance to hostile enchantments.
 N - a +5 crystal plate armour
 O - +5 gold dragon scales (worn)
Rods
 Z - a +4 rod of shadows (11/11)
   (You took it off an orc wizard in the Dungeon)
Jewellery
 a - an uncursed ring of stealth
 o - the ring of Nuexkas {rElec AC+2 Int+4 Dex-5 Slay+2}
   (You found it in the Dungeon)

   [ring of protection]

   It affects your AC (+2).
   It affects your intelligence (+4).
   It affects your dexterity (-5).
   It affects your accuracy and damage with ranged weapons and melee attacks
   (+2).
   It insulates you from electricity.
 y - a +6 ring of dexterity (right hand)
 A - a +6 ring of dexterity
 B - a +6 ring of intelligence
 C - a +6 ring of intelligence
 D - a +6 ring of strength (left hand)
 E - a +6 ring of strength
 P - an uncursed ring of magical power
 Q - the ring of Amorality {rN+ MR+}
   (You found it in the Dungeon)

   [ring of positive energy]

   It protects you from negative energy.
   It affects your resistance to hostile enchantments.
 R - an uncursed ring of wizardry
 S - a +5 ring of protection
 W - a +3 ring of strength
 X - an uncursed ring of ice
 Y - an uncursed ring of protection from magic
Wands
 F - a wand of disintegration (7/24)
 G - a wand of iceblast (5/15)
 H - a wand of lightning (5/15)
 I - a wand of acid (5/15)
Scrolls
 k - 4 scrolls of blinking
 q - 4 scrolls of amnesia
 r - 4 scrolls of recharging
 s - 8 scrolls of fog
 t - a scroll of holy word
 u - 5 scrolls of identify
 v - 5 scrolls of remove curse
 w - 2 scrolls of fear
 T - 2 scrolls of brand weapon
Potions
 d - 2 potions of might
 e - 9 potions of curing
 g - 5 potions of heal wounds
 h - 9 potions of haste
 i - 7 potions of magic
 j - 3 potions of berserk rage
 l - 2 potions of brilliance
 m - 2 potions of invisibility
 n - 4 potions of resistance
 p - 3 potions of agility
Books
 c - a book of the Earth

   Spells                             Type                      Level
   a - Leda's Liquefaction            Hexes/Earth                  4
   b - Bolt of Magma                  Conjuration/Fire/Earth       5
   c - Statue Form                    Transmutation/Earth          6
   d - Iron Shot                      Conjuration/Earth            6
   e - Shatter                        Earth                        9
 U - a manual of Short Blades
 V - a manual of Fighting
Comestibles
 f - 5 bread rations
 x - 23 fruits
 z - 4 meat rations


   Skills:
 + Level 15.6 Fighting
 * Level 20.6 Polearms
 + Level 15.1 Armour
 + Level 5.2 Dodging
 * Level 8.9 Stealth
 + Level 16.2 Shields
 - Level 20.1 Invocations


You had 13 spell levels left.
You didn't know any spells.

Dungeon Overview and Level Annotations

Branches:
Dungeon (1/1)

Altars:
Ashenzari
Cheibriados
Dithmenos
Elyvilon
Fedhas
Gozag
Hepliaklqana
Kikubaaqudgha
Makhleb
Nemelex Xobeh
Okawaru
Qazlal
Ru
Sif Muna
Trog
Uskayaw
Vehumet
Xom
Yredelemnul
Zin
The Shining One
Beogh
Jiyva
Lugonu

Annotations:
D 2 exclusions


Innate Abilities, Weirdness & Mutations

You are under a permanent stasis effect.
You can dig through walls and to a lower floor.
Your four strong arms can wield two-handed weapons with a shield.
You have a pair of large antennae on your head. (SInv)
Your life essence is reduced. (-10% HP)
Scrolls take you longer to read.
Your body sometimes deteriorates upon taking damage.
You are dopey. (Int -2)
You are very frail. (-20% HP)
Your magical capacity is low. (-10% MP)
You regenerate slowly when monsters are visible.
Your spells are a little easier to cast, but a little less powerful.


Message History

The tormentor calls on the powers of darkness!
Your body is wracked with pain!
* * * LOW HITPOINT WARNING * * *
The hell hound bites you but does no damage.
You block the hell hound's attack.
GONNNNG!
The phantom blinks!
The rust devil hits Spork.
The rust devil corrodes Spork!
You block the bat zombie's attack.
PANG!
The red devil hits you but does no damage.
The tormentor calls on the powers of darkness!
Your body is wracked with pain!
* * * LOW HITPOINT WARNING * * *
Spork hits the rust devil with a quarterstaff!!
You block the flying skull's attack.
GONNNNG!
The skeletal warrior hits you but does no damage.
The wight barely misses you.
The rust devil barely misses Spork.
The reaper hits you from afar with a scythe of freezing!
You die...

{ W { ▓.........
▓.............▓.........
▓......§......▓.........
▓......4......▓..▓.))..▓
▓......R.§....▓.▓▓▓÷).▓▓
▓.....4.......▓..▓.)...▓
▓....4zW.2....▓.....÷...
▓.....Zzz.....▓▓▓▓▓▓▓▓▓▓
▓......@h2....▓....8©8..
▓.....52h.....▓..).R.))[
▓......5...W..▓...|)})}.
▓▓▓▓▓▓▓▓▓▓▓▓▓▓▓.........
▓.........


{{{{{{{{{{{ ▓......... {{{{{{{{{ ▓......... ▓.....))). ▓..▓.|...▓ You could see
the friendly Spork the battlemage, a reaper, a skeletal warrior, a flayed ghost,
2 rust devils, 2 tormentors, a phantom, a red devil, 2 hell hounds, a flying
skull, an iron imp, a wight, a crimson imp and a bat zombie.

Vanquished Creatures
  2 tentacled starspawn (D)
  Roxanne (D)
  A reaper (D)
  A very ugly thing (D)
  A ghoul (D)
  A black draconian (D)
  Nessos (D)
  A white draconian (D)
  A yellow draconian (D)
  Snorg (D)
  A dancing weapon (D)
  A centaur warrior (D)
  Nergalle (D)
  2 deep elf knights (D)
  2 soul eaters (D)
  A death drake (shapeshifter) (D)
  A deep elf archer (D)
  An ugly thing (D)
  Pikel (D)
  2 orc knights (D)
  An orb spider (shapeshifter) (D)
  An orc sorcerer (D)
  A deep elf mage (D)
  10 draconians (D)
  A cyclops (D)
  A shining eye (D)
  A moth of wrath (shapeshifter) (D)
  Maurice (D)
  Joseph (D)
  A rust devil (D)
  A hellion (D)
  A yaktaur (D)
  A yaktaur (shapeshifter) (D)
  2 tormentors (D)
  A red devil (D)
  Prince Ribbit (D)
  A wind drake (shapeshifter) (D)
  A two-headed ogre (D)
  Sigmund (D)
  A wraith (D)
  A shadow (D)
  5 neqoxecs (D)
  Eustachio (D)
  A golden eye (D)
  A swamp worm (shapeshifter) (D)
  4 wargs (D)
  A floating eye (shapeshifter) (D)
  A water moccasin (shapeshifter) (D)
  2 hell hounds (D)
  An ice beast (D)
  2 ogres (D)
  A crocodile (shapeshifter) (D)
  2 earth elementals (D)
  A wight (D)
  A crimson imp (D)
  A jelly (D)
  Crazy Yiuf (D)
  Terence (D)
  An orc wizard (D)
  2 white imps (D)
  An ufetubus (D)
  An ooze (D)
  An adder skeleton (D)
  An orc (D)
  A bat skeleton (D)
  A giant cockroach simulacrum (D)
  A giant cockroach zombie (D)
  2 jackal skeletons (D)
  A leopard gecko skeleton (D)
  A leopard gecko zombie (D)
  A quokka zombie (D)
  A spectral giant cockroach (D)
  A spectral jackal (D)
  3 starspawn tentacles (D)
102 creatures vanquished.

Vanquished Creatures (collateral kills)
  A reaper (D)
  A centaur warrior (D)
  A hell knight (D)
  2 deep elf magi (D)
  3 orc sorcerers (D)
  A shining eye (D)
  A black mamba (shapeshifter) (D)
  2 yaktaurs (D)
  A yaktaur (shapeshifter) (D)
  A red devil (D)
  A shadow (D)
  A neqoxec (D)
  A centaur (D)
  A wight (D)
  A quasit (D)
  A jelly (D)
  2 orc wizards (D)
  A white imp (D)
  An adder zombie (D)
  A bat skeleton (D)
  A bat zombie (D)
  A giant cockroach zombie (D)
  A leopard gecko zombie (D)
  2 starspawn tentacles (D)
30 creatures vanquished.

Vanquished Creatures (others)
  A spatial maelstrom (D)
  A hell hound (D)
  5 battlemagi (D)
  An ancestor (D)
  A leopard gecko zombie (D)
  6 starspawn tentacles (D)
15 creatures vanquished.

Grand Total: 147 creatures vanquished

Notes
Turn   | Place    | Note
-------+----------+-------------------------------------------
     0 | D        | Loading the Formicid Fighter began the quest for the Orb.
     0 | D        | Reached XP level 1. HP: 18/18 MP: 1/1
     0 | D        | Found a deep blue altar of Sif Muna.
     0 | D        | Found a bloodstained altar of Trog.
     0 | D        | Found a sacrificial altar of Ru.
     0 | D        | Found a stormy altar of Qazlal.
     0 | D        | Found an iron altar of Okawaru.
     1 | D        | Found a sparkling altar of Nemelex Xobeh.
     1 | D        | Found a blossoming altar of Fedhas.
     3 | D        | Found an ancient bone altar of Kikubaaqudgha.
     3 | D        | Found a viscous altar of Jiyva.
     3 | D        | Found a corrupted altar of Lugonu.
     3 | D        | Found a hazy altar of Hepliaklqana.
     3 | D        | Found a burning altar of Makhleb.
     3 | D        | Found an opulent altar of Gozag.
    16 | D        | Banished a spatial maelstrom
    37 | D        | Became a worshipper of Hepliaklqana the Forgotten
    88 | D        | Reached XP level 2. HP: 21/21 MP: 2/2
    98 | D        | Entered arena 1.
   110 | D        | Reached XP level 3. HP: 26/26 MP: 2/4
   134 | D        | Reached * piety under Hepliaklqana
   134 | D        | Entered arena 2.
   134 | D        | Noticed an ice beast
   138 | D        | Killed an ice beast
   138 | D        | Reached skill level 5 in Shields
   138 | D        | Reached XP level 4. HP: 34/34 MP: 2/7
   138 | D        | Reached XP level 5. HP: 38/38 MP: 2/8
   198 | D        | Entered arena 3.
   198 | D        | Noticed a deep elf knight
   198 | D        | Noticed a deep elf archer
   207 | D        | Reached skill level 5 in Fighting
   207 | D        | Reached skill level 5 in Armour
   207 | D        | Reached skill level 5 in Invocations
   221 | D        | Killed a deep elf knight
   221 | D        | Reached XP level 6. HP: 37/49 MP: 7/13
   221 | D        | Reached XP level 7. HP: 41/54 MP: 7/14
   221 | D        | Reached XP level 8. HP: 46/60 MP: 7/15
   231 | D        | Killed a deep elf archer
   231 | D        | Reached skill level 10 in Invocations
   305 | D        | Reached ** piety under Hepliaklqana
   305 | D        | Entered arena 4.
   307 | D        | Remembered your ancestor Spork as a battlemage
   314 | D        | Reached XP level 9. HP: 64/66 MP: 14/17
   334 | D        | Reached *** piety under Hepliaklqana
   334 | D        | Entered arena 5.
   334 | D        | Noticed a draconian
   334 | D        | Noticed a draconian
   334 | D        | Noticed a draconian
   334 | D        | Noticed a draconian
   334 | D        | Noticed a draconian
   340 | D        | Killed a draconian
   344 | D        | Killed a draconian
   347 | D        | Killed a draconian
   347 | D        | Reached skill level 10 in Shields
   354 | D        | Killed a draconian
   354 | D        | Reached XP level 10. HP: 73/74 MP: 16/19
   357 | D        | Killed a draconian
   392 | D        | Entered arena 6.
   392 | D        | Noticed a tentacled starspawn
   392 | D        | Noticed a tentacled starspawn
   419 | D        | Killed a tentacled starspawn
   419 | D        | Reached skill level 10 in Fighting
   419 | D        | Reached skill level 10 in Armour
   425 | D        | Killed a tentacled starspawn
   425 | D        | Reached skill level 15 in Invocations
   425 | D        | Reached XP level 11. HP: 64/83 MP: 17/22
   509 | D        | Reached **** piety under Hepliaklqana
   509 | D        | Entered arena 7.
   509 | D        | Noticed a deep elf mage
   509 | D        | Noticed a deep elf mage
   509 | D        | Noticed a deep elf mage
   509 | D        | Noticed a faun
   509 | D        | Noticed a deep elf knight
   509 | D        | Noticed an antimagic long sword
   509 | D        | a faun changed into a floating eye
   526 | D        | Killed a deep elf mage
   526 | D        | Reached skill level 15 in Polearms
   528 | D        | Killed an antimagic long sword
   537 | D        | Killed a deep elf mage
   539 | D        | Killed a deep elf mage
   548 | D        | Killed a deep elf knight
   898 | D        | Reached ***** piety under Hepliaklqana
   898 | D        | Entered arena 8.
   898 | D        | Noticed a centaur warrior
   898 | D        | Noticed a cyclops
   898 | D        | Noticed a centaur warrior
   905 | D        | Killed a cyclops
   909 | D        | Killed a centaur warrior
   918 | D        | Killed a centaur warrior
   918 | D        | Reached XP level 12. HP: 36/91 MP: 17/24
  1241 | D        | Entered arena 9.
  1241 | D        | Noticed a yellow draconian
  1241 | D        | Noticed a black draconian
  1241 | D        | Noticed a white draconian
  1251 | D        | Killed a white draconian
  1254 | D        | Identified a +4 rod of clouds (4/10)
  1261 | D        | Killed a black draconian
  1279 | D        | Killed a yellow draconian
  1566 | D        | Upgraded the game from 0.19-a0-1732-g0b18a7b to 0.19-a0-1851-g3228ea0
  1570 | D        | Entered arena 10.
  1582 | D        | Gained mutation: Your spells are a little easier to cast, but a little less powerful. [a neqoxec]
  1589 | D        | Gained mutation: You regenerate slowly when monsters are visible. [a neqoxec]
  1591 | D        | Gained mutation: Your body sometimes deteriorates upon taking damage. [a neqoxec]
  1597 | D        | Gained mutation: You are frail. (-10% HP) [a neqoxec]
  1603 | D        | Gained mutation: Scrolls take you a little longer to read. [a neqoxec]
  1618 | D        | Gained mutation: Scrolls take you longer to read. [a neqoxec]
  1641 | D        | Got the ring of Nuexkas {rElec AC+2 Int+4 Dex-5 Slay+2}
  1668 | D        | Entered arena 11.
  1670 | D        | Noticed a soul eater
  1670 | D        | Noticed a ghoul
  1670 | D        | Noticed a soul eater
  1705 | D        | Killed a soul eater
  1708 | D        | Killed a ghoul
  1708 | D        | Reached XP level 13. HP: 52/88 MP: 26/26
  1924 | D        | Got the ring of Amorality {rN+ MR+}
  1935 | D        | Reached ****** piety under Hepliaklqana
  1935 | D        | Entered arena 12.
  1935 | D        | Noticed a brown very ugly thing
  1964 | D        | Killed a brown very ugly thing
  1969 | D        | Gained mutation: Your magical capacity is low. (-10% MP) [a shining eye]
  1979 | D        | Gained mutation: You are dopey. (Int -2) [a shining eye]
  1981 | D        | Reached skill level 15 in Shields
  1985 | D        | Gained mutation: You are very frail. (-20% HP) [a shining eye]
  2021 | D        | Entered arena 13.
  2044 | D        | Reached skill level 1 in Dodging
  2271 | D        | Entered arena 14.
  2271 | D        | Noticed a reaper
  2271 | D        | Noticed a reaper
  2311 | D        | Killed a reaper
  2318 | D        | Killed a reaper
  2604 | D        | Entered arena 15.
  2606 | D        | Noticed Terence
  2606 | D        | Noticed Pikel
  2606 | D        | Noticed Nessos
  2606 | D        | Noticed Eustachio
  2606 | D        | Noticed Snorg
  2606 | D        | Noticed Sigmund
  2607 | D        | Noticed Prince Ribbit
  2607 | D        | Noticed Maurice
  2607 | D        | Noticed Nergalle
  2607 | D        | Noticed Crazy Yiuf
  2608 | D        | Noticed Joseph
  2620 | D        | Killed Nessos
  2642 | D        | Killed Snorg
  2655 | D        | Killed Eustachio
  2660 | D        | Killed Joseph
  2666 | D        | Killed Sigmund
  2704 | D        | Killed Crazy Yiuf
  2714 | D        | Killed Nergalle
  2714 | D        | Reached skill level 5 in Stealth
  2717 | D        | Killed Pikel
  2720 | D        | Killed Terence
  2721 | D        | Killed Maurice
  2724 | D        | Noticed Roxanne
  2726 | D        | Killed Prince Ribbit
  2726 | D        | Reached skill level 15 in Fighting
  2726 | D        | Reached XP level 14. HP: 34/86 MP: 25/25
  2752 | D        | Killed Roxanne
  3183 | D        | Entered arena 16.
  3203 | D        | Identified a +4 rod of shadows (6/11)
  3210 | D        | Reached skill level 15 in Armour
  3210 | D        | Reached skill level 5 in Dodging
  3619 | D        | Entered arena 17.
  3624 | D        | Noticed a reaper
  3640 | D        | Mangled by a reaper

Vault maps used:
D:        sprint_v

Skill      XL: |  1  2  3  4  5  6  7  8  9 10 11 12 13 14 |
---------------+-------------------------------------------+-----
Polearms       | 7 8 11 12 13 14 15 17 20 | 20.6
Shields        | 4 5 7 9 10 11 13 14 15 16 | 16.2
Invocations    | 2 4 9 11 13 15 16 18 20 | 20.1
Fighting       | 4 7 8 9 11 12 13 15 | 15.6
Armour         | 4 7 8 9 10 12 13 14 15 | 15.1
Dodging        | 4 5 |  5.2
Stealth        | 5 8 |  8.9

Action                   |  1- 3 |  4- 6 |  7- 9 | 10-12 | 13-15 || total
-------------------------+-------+-------+-------+-------+-------++-------
Melee: Lance             |    14 |    25 |    49 |   227 |   308 ||   623
Invok: Ancestor Identity |     1 |       |       |       |       ||     1
       Recall Ancestor   |     1 |     1 |     2 |     6 |     6 ||    16
       Ancestor Life: Ba |       |       |     1 |       |       ||     1
       Transference      |       |       |       |     3 |     5 ||     8
       Idealise          |       |       |       |     1 |     2 ||     3
  Use: Potion            |     2 |       |     3 |     2 |     8 ||    15
 Stab: Distracted        |       |       |       |     2 |     3 ||     5
       Paralysed         |       |       |       |       |     2 ||     2
  Eat: Fruit             |       |       |       |    11 |     8 ||    19
Armor: Gold dragon scale |     2 |     2 |     3 |    55 |   111 ||   173
Dodge: Dodged            |       |     1 |     1 |     2 |    27 ||    31
Block: Shield            |     6 |    20 |    29 |   233 |   409 ||   697
